 Dungeon Crawl Stone Soup version 0.31-a0-182-gc5ef74bbde (webtiles) character file.

Game seed: 3915498984195519886

39 qw the Chopper (level 3, -4/23 HPs)
             Began as a Gargoyle Fighter on June 20, 2023.
             Slain by a gnoll
             ... wielding a +0 whip
              (6 damage)
             ... on level 2 of the Dungeon.
             The game lasted 00:00:31 (899 turns).

qw the Chopper (Gargoyle Fighter)                    Turns: 899, Time: 00:00:31

Health: -4/23      AC: 10    Str: 21    XL:     3   Next: 45%
Magic:  3/3        EV:  9    Int:  8    God:
Gold:   28         SH:  4    Dex:  9    Spells: 2/2 levels left

rFire   . . .        Y - +0 war axe
rCold   . . .        c - +0 buckler
rNeg    + . .        b - +0 scale mail
rPois   inf          (no helmet)
rElec   +            (no cloak)
rCorr   .            (no gloves)
SInv    .            (no boots)
Will    .....        (no amulet) Stlth
                     (no ring)
HPRegen 0.23/turn    (no ring)
MPRegen 0.08/turn

%: no passive effects
@: no status effects
A: sickness immunity, AC +3, negative energy resistance 1, electricity
resistance, torment resistance 1, petrification resistance
a: no special abilities


You were on level 2 of the Dungeon.
You visited 1 branch of the dungeon, and saw 2 of its levels.

You collected 28 gold pieces.


Innate Abilities, Weirdness & Mutations

You are immune to sickness and miasma.
Your stone body is resilient. (AC +3)
You are immune to poison.
You resist negative energy. (rN+)
You are resistant to electric shocks. (rElec)
You are resistant to unholy torment.
You are immune to petrification.


   Skills:
 - Level 3.2 Fighting
 + Level 3.4 Axes
 - Level 3.2 Armour
 - Level 3.2 Shields


You had 2 spell levels left.
You didn't know any spells.
Your spell library was empty.

Inventory:

Hand Weapons
 e - a +0 whip
 Y - a +0 war axe (weapon)
Armour
 b - a +0 scale mail (worn)
 c - a +0 buckler (worn)
Scrolls
 a - 2 scrolls of identify {unknown}
Potions
 d - a potion of might
 h - a potion of degeneration {unknown}

Dungeon Overview and Level Annotations

Branches:
Dungeon (2/15)

Altars:


Message History

The gnoll hits you but does no damage.
You slash the gnoll!
You kill the gnoll!
You now have 28 gold pieces (gained 4).
Found a stone staircase leading down.
Enter note: 2 gnolls come into view.
The gnoll shouts!
You hear a bark!
You hear a shout!
Enter note:
888 ||| Stepping ~*~*~tactically~*~*~ (hiding).
889 ||| Stepping ~*~*~tactically~*~*~ (hiding).
890 ||| Stepping ~*~*~tactically~*~*~ (hiding).
The gnoll throws a throwing net.
The throwing net barely misses you. You block the gnoll's attack.
The gnoll hits you but does no damage. The gnoll barely misses you.
You closely miss the gnoll. You barely miss the gnoll.
You block the gnoll's attack. The gnoll closely misses you.
The gnoll hits you but does no damage. x2
You hit the gnoll.
The gnoll is lightly wounded.
You completely miss the gnoll. The gnoll barely misses you.
The gnoll hits you with a +0 whip.
You barely miss the gnoll.
The gnoll is lightly wounded.
You barely miss the gnoll. You block the gnoll's attack.
The gnoll hits you with a +0 halberd. The gnoll barely misses you.
The gnoll hits you but does no damage.
You hit the gnoll but do no damage.
The gnoll is lightly wounded.
You slash the gnoll! The gnoll hits you with a +0 halberd!
The gnoll hits you with a +0 whip.
You barely miss the gnoll.
The gnoll is severely wounded.
You hit the gnoll. The gnoll hits you but does no damage.
The gnoll hits you with a +0 halberd.
You hit the gnoll.
You kill the gnoll!
You barely miss the gnoll. The gnoll hits you with a +0 whip.
You die...

.........#......# #.#.##.#
....#....#......#####.#....#
.........#..........#.#.####
.........###.######.#...####
#####....# #.# #.#....#....#
#....###.# #.(..#.####.#
#.....##.# #..###......#
####...#.# #..# ########
#)#...###@.#
#.#...#.)g.#####
#.#............#
..#............#
###..#.........#
#..#)........#
..............#
.....>.........#
.....####.....###


You could see a gnoll.

Vanquished Creatures
  2 gnolls (D:2)
  4 endoplasms
  5 giant cockroaches (D:1)
  4 goblins
  2 hobgoblins (D:1)
  2 bats (D:1)
  A frilled lizard (D:1)
  4 kobolds
  4 rats
28 creatures vanquished.

Notes
Turn   | Place    | Note
-------+----------+-------------------------------------------
     0 | D:1      | qw the Gargoyle Fighter began the quest for the Orb.
     0 | D:1      | Reached XP level 1. HP: 14/14 MP: 1/1
     0 | D:1      | 0 ||| qw: Version: 0.3-a-9-g12657ce
     0 | D:1      | 0 ||| qw: Game counter: 1423
     0 | D:1      | 0 ||| qw: Always use a shield: true
     0 | D:1      | 0 ||| qw: God list: Okawaru
     0 | D:1      | 0 ||| qw: Allow faded altars: false
     0 | D:1      | 0 ||| qw: Do Orc after D:15 true
     0 | D:1      | 0 ||| qw: Do second Lair branch before Depths: true
     0 | D:1      | 0 ||| qw: Lair rune preference: random
     0 | D:1      | 0 ||| qw: Plans: Normal, Zot:1-4, Slime:5, God:TSO, Crypt,
                  | Tomb, Abyss, Pan, Hells, Win
     0 | D:1      | 0 ||| PLANNING D:1-11
    80 | D:1      | Reached XP level 2. HP: 17/19 MP: 2/2
   377 | D:1      | 377 ||| Stepping ~*~*~tactically~*~*~ (hiding).
   378 | D:1      | 378 ||| Stepping ~*~*~tactically~*~*~ (hiding).
   380 | D:1      | 380 ||| Stepping ~*~*~tactically~*~*~ (hiding).
   461 | D:1      | Reached skill level 3 in Axes
   712 | D:1      | 712 ||| READING 2 scrolls labelled WIDGHU ZIME.
   713 | D:1      | 713 ||| READING scroll labelled LELIRA KOPICEU.
   714 | D:1      | 714 ||| DRINKING 2 amethyst potions.
   715 | D:1      | 715 ||| DROPPING scroll of revelation.
   716 | D:1      | 716 ||| DROPPING potion of brilliance.
   766 | D:2      | 766 ||| Stepping ~*~*~tactically~*~*~ (stealth).
   776 | D:2      | 776 ||| Stepping ~*~*~tactically~*~*~ (stealth).
   781 | D:2      | Reached XP level 3. HP: 21/23 MP: 3/3
   888 | D:2      | 888 ||| Stepping ~*~*~tactically~*~*~ (hiding).
   889 | D:2      | 889 ||| Stepping ~*~*~tactically~*~*~ (hiding).
   890 | D:2      | 890 ||| Stepping ~*~*~tactically~*~*~ (hiding).
   897 | D:2      | HP: 5/23 [gnoll/+0 whip (3)]
   898 | D:2      | HP: 1/23 [gnoll/+0 halberd (4)]
   899 | D:2      | Slain by a gnoll

Levels and vault maps discovered:
D:1:      dpeg_arrival_prison, layout_basic
D:2:      layout_basic, chequers_ecumenical_altar_twisty

Skill      XL: |  1  2 |
---------------+-------+-----
Axes           | 2 3 |  3.4
Fighting       | |  3.2
Armour         | |  3.2
Shields        | |  3.2

Action                     || total
---------------------------++-------
  Melee: War axe           ||    75
    Use: Scroll            ||     2
         Potion            ||     1
 Armour: Scale mail        ||    36
  Dodge: Dodged            ||    26
  Block: Buckler           ||    12

Table legend:
 A = Non-vault XP
 B = Vault XP
 C = Vault XP percentage of total XP
 D = Non-vault monster count
 E = Vault monster count
 F = Vault count percentage of total count
                 A         B        C        D         E       F
            +---------+---------+-------+---------+---------+-------
      Total |      62 |       8 |  11.4 |      23 |       5 |  17.9
            +---------+---------+-------+---------+---------+-------
        D:1 |      23 |       8 |  25.8 |      15 |       5 |  25.0
        D:2 |      39 |       0 |   0.0 |       8 |       0 |   0.0
            +---------+---------+-------+---------+---------+-------
